Diables vs Atomiques

Created - 27 décembre 2016 at 19:00

Goals
1 2 3 T
Diables 0 2 2 4
Atomiques 1 2 0 3
Shots
1 2 3 T
Diables 12 16 14 42
Atomiques 11 14 13 38

1st period

1. Atomiques , Ryan Shannon 25 (Kenndal McArdle, Branko Radivojevic) at 19:40

Penalties :
John McCarthy (STB) for Slashing (Minor) at 1:07, Brandon Prust (Alm) for Tripping (Minor) at 8:07, Eric Mestery (STB) for Tripping (Minor) at 13:11

2nd period

2. Atomiques , Kenndal McArdle 15 (Branko Radivojevic) at 2:13
3. Atomiques , Kenndal McArdle 16 (Branko Radivojevic, Sean Couturier) at 3:26
4. Diables , Steve Quailer 24 (Alexandre Burrows, Tyler Bozak) at 4:31 (PP)
5. Diables , Benn Ferriero 7 (Craig Smith, Kellan Lain) at 16:23

Penalties :
Davis Drewiske (STB) for Hooking (Minor) at 3:48, Ryan Shannon (STB) for Interference (Minor) at 19:18

3rd period

6. Diables , Benn Ferriero 8 (Craig Smith, Kellan Lain) at 4:12
7. Diables , Alexandre Burrows 7 (Dustin Kohn, Tyler Bozak) at 11:57 (PP)

Penalties :
Bobby Farnham (STB) for High sticking (Minor) at 11:54

Goalie Stats

Eddie Lack (Alm), 35 saves from 38 shots - (0,921), W, 5-5-4, 60:00 minutes
Sergei Bobrovsky (STB), 38 saves from 42 shots - (0,905), L, 13-8-1, 59:36 minutes

Players Stats for Diables

Player Name              G  A  P  +/- PIM S  H  SB GA TA FO     MP     PP MP  PK MP  
------------------------------------------------------------------------------------
Alexandre Burrows        1  1  2  -2  0   2  2  0  1  1  0/1    22:54   3:54   0:42 
Ben Hanowski             0  0  0  -1  0   3  1  0  0  0  0/0     8:18   0:00   1:17 
Benn Ferriero            2  0  2   2  0   4  2  0  1  1  1/1    17:36   2:49   0:00 
Brandon Prust            0  0  0   0  2   1  1  0  1  0  0/0    11:11   0:00   0:00 
Brian Dumoulin           0  0  0  -2  0   4  2  0  0  1  0/0    19:59   2:30   1:17 
Craig Smith              0  2  2   2  0   4  0  0  1  1  9/15   17:36   2:49   0:00 
Dustin Kohn              0  1  1   0  0   3  0  1  2  1  0/0    26:29   4:13   0:42 
Jamie Oleksiak           0  0  0   1  0   0  1  0  0  0  0/0    13:32   0:00   0:00 
Josh Manson              0  0  0   1  0   0  0  0  0  0  0/0    13:32   0:00   0:00 
Kellan Lain              0  2  2   2  0   5  2  0  0  2  0/0    18:53   2:49   1:17 
Kyle Chipchura           0  0  0  -1  0   0  2  0  0  1  0/2     7:01   0:00   0:00 
Lukas Krajicek           0  0  0   0  0   3  0  0  2  4  0/0    26:29   4:13   0:42 
Pavel Valentenko         0  0  0  -2  0   1  0  0  0  0  0/0    19:59   2:30   1:17 
Riley Sheahan            0  0  0   0  0   1  2  0  0  0  5/5    11:12   0:00   0:00 
Steve Quailer            1  0  1  -2  0   5  1  0  0  0  3/4    22:12   3:54   0:00 
Taylor Beck              0  0  0  -1  0   1  0  0  0  0  0/0     7:01   0:00   0:00 
Tomas Kubalik            0  0  0   0  0   2  0  0  1  1  0/0    11:12   0:00   0:00 
Tyler Bozak              0  2  2  -2  0   3  1  0  1  0  13/35  22:54   3:54   0:42 

Players Stats for Atomiques

Player Name              G  A  P  +/- PIM S  H  SB GA TA FO     MP     PP MP  PK MP  
------------------------------------------------------------------------------------
Alex Berry               0  0  0   0  0   0  2  0  3  1  1/1    13:46   0:00   1:29 
Andrew Kozek             0  0  0   1  0   2  1  1  0  0  0/1    14:51   1:37   0:40 
Bobby Farnham            0  0  0  -1  2   0  3  0  0  0  0/0     7:58   0:00   0:00 
Branko Radivojevic       0  3  3   1  0   5  0  1  4  0  7/12   22:46   0:22   3:53 
Brett Sutter             0  0  0  -1  0   0  0  0  0  1  0/1     7:59   0:00   0:00 
Colby Cohen              0  0  0   0  0   2  3  1  1  2  0/0    18:33   0:03   2:31 
Davis Drewiske           0  0  0  -1  2   3  2  1  0  2  0/0    27:23   1:56   3:29 
Dmitri Orlov             0  0  0   2  0   0  0  2  0  0  0/0    13:20   0:00   0:00 
Eric Mestery             0  0  0   2  2   0  1  1  0  0  0/0    13:11   0:00   0:43 
John McCarthy            0  0  0   0  2   1  0  1  1  0  0/1    11:57   0:00   0:00 
Joseph Cramarossa        0  0  0  -1  0   1  1  0  0  0  0/0     7:59   0:00   0:00 
Kenndal McArdle          2  1  3   1  0   8  2  0  0  1  2/2    21:01   0:22   1:50 
Marc-André Cliche        0  0  0   0  0   0  0  0  1  2  3/4    11:56   0:00   0:00 
Roman Polak              0  0  0   0  0   2  1  0  1  0  0/0    19:37   0:03   2:31 
Ryan Shannon             1  0  1   1  2   5  0  1  2  0  0/0    15:49   1:37   1:21 
Sean Couturier           0  1  1   1  0   3  0  2  0  1  12/23  18:25   1:37   0:00 
Shawn Belle              0  0  0  -1  0   4  1  2  0  0  0/0    28:07   1:56   4:12 
Tyler Brenner            0  0  0   1  0   2  1  0  0  0  7/18   18:34   0:22   4:13 

3 Stars

1 - Kenndal McArdle (STB)
2 - Benn Ferriero (Alm)
3 - Branko Radivojevic (STB)

Power Play

Diables - 2 on 5 Attempt(s) - 40,00%
Atomiques - 0 on 1 Attempt(s) - 0,00%

Penalty Kill

Diables - 1 on 1 Attempt(s) - 100,00% - Score 0 goal in Penalty Kill
Atomiques - 3 on 5 Attempt(s) - 60,00% - Score 0 goal in Penalty Kill

Team Stat

Diables - Hits : 17 - Faceoff Wins : 31 - Blocked Shots : 1 - Penalty Minutes : 2
Atomiques - Hits : 18 - Faceoff Wins : 32 - Blocked Shots : 13 - Penalty Minutes : 10

Official

Referees : Rehman Kyle and Ciamaga Chris
Linesman : Shane Heyer and Brian Mach

Game Notes

17:01 of 3rd period - Atomiques goal is going for a video replay. After video review, No Goal. The puck has been directed, batted or thrown into the net by an attacking player other than with a stick.

Finance

Level 1 -- Attendance: 1537 (76,85%) -- Ticket Income 53 795 $
Level 2 -- Attendance: 749 (74,90%) -- Ticket Income 11 235 $
Total Attendance: 2286 (76,20%)
Total Ticket Income: 65 030 $
Other Income: 3 252 $
Total Income: 68 282 $

Diables

5 vs 5 Forward 
   Center                   Left Wing                Right Wing               Time % Phy DF OF 
 1 Tyler Bozak              Alexandre Burrows        Steve Quailer            40     1   2  2  
 2 Craig Smith              Kellan Lain              Benn Ferriero            30     1   2  2  
 3 Riley Sheahan            Brandon Prust            Tomas Kubalik            20     1   2  2  
 4 Kyle Chipchura           Taylor Beck              Ben Hanowski             10     1   2  2  

5 vs 5 Defense 
   Defense                  Defense                                           Time % Phy DF OF 
 1 Dustin Kohn              Lukas Krajicek                                    40     1   2  2  
 2 Pavel Valentenko         Brian Dumoulin                                    30     1   2  2  
 3 Josh Manson              Jamie Oleksiak                                    20     1   2  2  
 4 Dustin Kohn              Lukas Krajicek                                    10     1   2  2  

PowerPlay Forward 
   Center                   Left Wing                Right Wing               Time % Phy DF OF 
 1 Tyler Bozak              Alexandre Burrows        Steve Quailer            60     1   2  2  
 2 Craig Smith              Kellan Lain              Benn Ferriero            40     1   2  2  

PowerPlay Defense
   Defense                  Defense                                           Time % Phy DF OF 
 1 Dustin Kohn              Lukas Krajicek                                    60     1   2  2  
 2 Pavel Valentenko         Brian Dumoulin                                    40     1   2  2  

Penalty Kill 4 Players Forward 
   Center                   Wing                     Time % Phy DF OF 
 1 Tyler Bozak              Alexandre Burrows        60     1   2  2  
 2 Kellan Lain              Brandon Prust            40     1   2  2  

Penalty Kill 4 Players Defense
   Defense                  Defense                  Time % Phy DF OF 
 1 Dustin Kohn              Lukas Krajicek           60     1   2  2  
 2 Pavel Valentenko         Brian Dumoulin           40     1   2  2  

Penalty Kill - 3 Players Forward 
   Forward                                           Time % Phy DF OF 
 1 Tyler Bozak                                       60     1   2  2  
 2 Alexandre Burrows                                 40     1   2  2  

Penalty Kill - 3 Players Defense
   Defense                  Defense                  Time % Phy DF OF 
 1 Dustin Kohn              Lukas Krajicek           60     1   2  2  
 2 Pavel Valentenko         Brian Dumoulin           40     1   2  2  

4 vs 4 Forward 
   Center                   Wing                     Time % Phy DF OF 
 1 Tyler Bozak              Alexandre Burrows        60     1   2  2  
 2 Kellan Lain              Brandon Prust            40     1   2  2  

4 vs 4 Defense
   Defense                  Defense                  Time % Phy DF OF 
 1 Dustin Kohn              Lukas Krajicek           60     1   2  2  
 2 Pavel Valentenko         Brian Dumoulin           40     1   2  2  

Last Minutes Offensive
   Center                   Left Wing                Right Wing               Defense                  Defense                  
   Tyler Bozak              Alexandre Burrows        Steve Quailer            Dustin Kohn              Lukas Krajicek           

Last Minutes Defensive
   Center                   Left Wing                Right Wing               Defense                  Defense                  
   Tyler Bozak              Alexandre Burrows        Steve Quailer            Dustin Kohn              Lukas Krajicek           

Goaltenders
Starting : Eddie Lack               
Backup : Jean-Francois Berube     

Extra Forwards
Normal : Riley Sheahan, Tomas Kubalik, Ben Hanowski - PP : Riley Sheahan, Tomas Kubalik - PK : Ben Hanowski
Extra Defensemen
Normal : Josh Manson, Jamie Oleksiak, Pavel Valentenko - PP : Josh Manson - PK : Jamie Oleksiak, Pavel Valentenko
Penalty Shots
Tyler Bozak, Alexandre Burrows, Kellan Lain, Brandon Prust, Steve Quailer

Atomiques

5 vs 5 Forward 
   Center                   Left Wing                Right Wing               Time % Phy DF OF 
 1 Sean Couturier           Kenndal McArdle          Branko Radivojevic       40     1   2  2  
 2 Tyler Brenner            Andrew Kozek             Ryan Shannon             30     1   2  2  
 3 Marc-André Cliche        John McCarthy            Alex Berry               20     1   2  2  
 4 Brett Sutter             Joseph Cramarossa        Bobby Farnham            10     1   2  2  

5 vs 5 Defense 
   Defense                  Defense                                           Time % Phy DF OF 
 1 Shawn Belle              Davis Drewiske                                    40     1   2  2  
 2 Roman Polak              Colby Cohen                                       30     1   2  2  
 3 Dmitri Orlov             Eric Mestery                                      20     1   2  2  
 4 Shawn Belle              Davis Drewiske                                    10     1   2  2  

PowerPlay Forward 
   Center                   Left Wing                Right Wing               Time % Phy DF OF 
 1 Tyler Brenner            Kenndal McArdle          Branko Radivojevic       60     1   2  2  
 2 Sean Couturier           Andrew Kozek             Ryan Shannon             40     1   2  2  

PowerPlay Defense
   Defense                  Defense                                           Time % Phy DF OF 
 1 Shawn Belle              Davis Drewiske                                    60     1   2  2  
 2 Roman Polak              Colby Cohen                                       40     1   2  2  

Penalty Kill 4 Players Forward 
   Center                   Wing                     Time % Phy DF OF 
 1 Branko Radivojevic       Tyler Brenner            60     1   2  2  
 2 Ryan Shannon             Kenndal McArdle          40     1   2  2  

Penalty Kill 4 Players Defense
   Defense                  Defense                  Time % Phy DF OF 
 1 Shawn Belle              Davis Drewiske           60     1   2  2  
 2 Roman Polak              Colby Cohen              40     1   2  2  

Penalty Kill - 3 Players Forward 
   Forward                                           Time % Phy DF OF 
 1 Branko Radivojevic                                60     1   2  2  
 2 Tyler Brenner                                     40     1   2  2  

Penalty Kill - 3 Players Defense
   Defense                  Defense                  Time % Phy DF OF 
 1 Shawn Belle              Davis Drewiske           60     1   2  2  
 2 Roman Polak              Colby Cohen              40     1   2  2  

4 vs 4 Forward 
   Center                   Wing                     Time % Phy DF OF 
 1 Branko Radivojevic       Tyler Brenner            60     1   2  2  
 2 Ryan Shannon             Kenndal McArdle          40     1   2  2  

4 vs 4 Defense
   Defense                  Defense                  Time % Phy DF OF 
 1 Shawn Belle              Davis Drewiske           60     1   2  2  
 2 Roman Polak              Colby Cohen              40     1   2  2  

Last Minutes Offensive
   Center                   Left Wing                Right Wing               Defense                  Defense                  
   Tyler Brenner            Kenndal McArdle          Branko Radivojevic       Shawn Belle              Davis Drewiske           

Last Minutes Defensive
   Center                   Left Wing                Right Wing               Defense                  Defense                  
   Tyler Brenner            Kenndal McArdle          Branko Radivojevic       Shawn Belle              Davis Drewiske           

Goaltenders
Starting : Sergei Bobrovsky         
Backup : Jeremy Smith             

Extra Forwards
Normal : Brett Sutter, Sean Couturier, Alex Berry - PP : Brett Sutter, Sean Couturier - PK : Alex Berry
Extra Defensemen
Normal : Dmitri Orlov, Eric Mestery, Roman Polak - PP : Dmitri Orlov - PK : Eric Mestery, Roman Polak
Penalty Shots
Branko Radivojevic, Tyler Brenner, Ryan Shannon, Kenndal McArdle, Marc-André Cliche

% Time on Ice - Diables

Lines # - Real PCT - Wanted PCT - Time Play
Normal Forward
1 - 34% - 40% - 17:08
2 - 29% - 30% - 14:47
3 - 22% - 20% - 11:12
4 - 14% - 10% - 7:01
Normal Defense
1 - 38% - 40% - 19:08
2 - 32% - 30% - 16:12
3 - 27% - 20% - 13:32
4 - 3% - 10% - 1:16
PP Forward
1 - 58% - 60% - 3:54
2 - 42% - 40% - 2:49
PP Defense
1 - 63% - 60% - 4:13
2 - 37% - 40% - 2:30
PK Forward
1 - 35% - 60% - 0:42
2 - 65% - 40% - 1:17
PK Defense
1 - 35% - 60% - 0:42
2 - 65% - 40% - 1:17
PK3 Forward
1 - 0% - 60%
2 - 0% - 40%
PK3 Defense
1 - 0% - 60%
2 - 0% - 40%
44 Forward
1 - 0% - 60%
2 - 0% - 40%
44 Defense
1 - 0% - 60%
2 - 0% - 40%
Last Minute Offensive  - 0:00
Last Minute Defensive  - 1:10
Total
Forward - 60:00
Defense - 60:00

% Time on Ice - Atomiques

Lines # - Real PCT - Wanted PCT - Time Play
Normal Forward
1 - 35% - 40% - 17:24
2 - 26% - 30% - 12:52
3 - 24% - 20% - 11:56
4 - 16% - 10% - 7:59
Normal Defense
1 - 40% - 40% - 19:51
2 - 32% - 30% - 15:59
3 - 24% - 20% - 12:16
4 - 4% - 10% - 2:05
PP Forward
1 - 18% - 60% - 0:22
2 - 82% - 40% - 1:37
PP Defense
1 - 97% - 60% - 1:56
2 - 3% - 40% - 0:03
PK Forward
1 - 73% - 60% - 4:53
2 - 27% - 40% - 1:50
PK Defense
1 - 63% - 60% - 4:12
2 - 37% - 40% - 2:31
PK3 Forward
1 - 0% - 60%
2 - 0% - 40%
PK3 Defense
1 - 0% - 60%
2 - 0% - 40%
44 Forward
1 - 0% - 60%
2 - 0% - 40%
44 Defense
1 - 0% - 60%
2 - 0% - 40%
Last Minute Offensive  - 1:07
Last Minute Defensive  - 0:00
Total
Forward - 60:00
Defense - 60:00

Play by Play

1st period


0:01 of 1st period - Branko Radivojevic wins face-off versus Tyler Bozak in neutral zone.
0:31 of 1st period - Backhand shot by Craig Smith.
0:31 of 1st period - Stopped by Sergei Bobrovsky with a rebound.
0:33 of 1st period - Slapshot by Brian Dumoulin.
0:33 of 1st period - Stopped by Sergei Bobrovsky with a rebound.
0:35 of 1st period - Slapshot by Brian Dumoulin.
0:35 of 1st period - Stopped by Sergei Bobrovsky with a rebound.
0:45 of 1st period - Slapshot by Ben Hanowski.
0:45 of 1st period - Stopped by Sergei Bobrovsky without a rebound.
0:46 of 1st period - Marc-André Cliche wins face-off versus Kyle Chipchura in Atomiques zone.
0:51 of 1st period - Slapshot by Ben Hanowski.
0:51 of 1st period - Deflect By John McCarthy.
0:51 of 1st period - Stopped by Sergei Bobrovsky with a rebound.
1:07 of 1st period - Minor Penalty to John McCarthy for Slashing.
1:08 of 1st period - Tyler Bozak wins face-off versus Branko Radivojevic in Atomiques zone.
1:44 of 1st period - Ryan Shannon is hit by Kellan Lain and loses puck.
3:07 of 1st period - Penalty to John McCarthy is over, John McCarthy is back on ice.
3:34 of 1st period - Slapshot by Marc-André Cliche.
3:34 of 1st period - Shot Misses the Net.
3:36 of 1st period - Snap shot by Roman Polak.
3:36 of 1st period - Stopped by Eddie Lack without a rebound.
3:37 of 1st period - Marc-André Cliche wins face-off versus Kyle Chipchura in Diables zone.
3:48 of 1st period - Wrist shot by John McCarthy.
3:48 of 1st period - Deflect By Alex Berry.
3:48 of 1st period - Shot Misses the Net.
3:48 of 1st period - Puck is out of play.
3:49 of 1st period - Branko Radivojevic wins face-off versus Tyler Bozak in Diables zone.
4:14 of 1st period - Snap shot by Ryan Shannon.
4:14 of 1st period - Stopped by Eddie Lack with a rebound.
5:47 of 1st period - Wrist shot by Kellan Lain.
5:47 of 1st period - Shot Misses the Net.
5:49 of 1st period - Wrist shot by Craig Smith.
5:49 of 1st period - Shot Misses the Net.
5:51 of 1st period - Snap shot by Craig Smith.
5:51 of 1st period - Stopped by Sergei Bobrovsky without a rebound.
5:52 of 1st period - Steve Quailer wins face-off versus Sean Couturier in Atomiques zone.
5:53 of 1st period - Snap shot by Alexandre Burrows.
5:53 of 1st period - Deflect By Branko Radivojevic.
5:53 of 1st period - Shot Misses the Net.
5:53 of 1st period - Puck is out of play.
5:54 of 1st period - Tyler Bozak wins face-off versus Sean Couturier in Atomiques zone.
6:52 of 1st period - Snap shot by Tyler Brenner.
6:52 of 1st period - Shot Misses the Net.
7:29 of 1st period - Wrist shot by Brandon Prust.
7:29 of 1st period - Shot Misses the Net.
7:31 of 1st period - Wrist shot by Tomas Kubalik.
7:31 of 1st period - Shot Blocked by John McCarthy.
7:41 of 1st period - Wrist shot by Davis Drewiske.
7:41 of 1st period - Shot Misses the Net.
7:48 of 1st period - Off-side.
7:49 of 1st period - Craig Smith wins face-off versus Sean Couturier in neutral zone.
8:02 of 1st period - Slapshot by Kenndal McArdle.
8:02 of 1st period - Shot Blocked by Dustin Kohn.
8:04 of 1st period - Snap shot by Dmitri Orlov.
8:04 of 1st period - Deflect By Sean Couturier.
8:04 of 1st period - Stopped by Eddie Lack without a rebound.
8:05 of 1st period - Riley Sheahan wins face-off versus Tyler Brenner in Diables zone.
8:07 of 1st period - Minor Penalty to Brandon Prust for Tripping.
8:08 of 1st period - Tyler Bozak wins face-off versus Tyler Brenner in Diables zone.
9:03 of 1st period - Snap shot by Shawn Belle.
9:03 of 1st period - Deflect By Kellan Lain.
9:03 of 1st period - Stopped by Eddie Lack with a rebound.
9:05 of 1st period - Wrist shot by Sean Couturier.
9:05 of 1st period - Stopped by Eddie Lack with a rebound.
9:07 of 1st period - Slapshot by Shawn Belle.
9:07 of 1st period - Shot Misses the Net.
9:17 of 1st period - Wrist shot by Andrew Kozek.
9:17 of 1st period - Stopped by Eddie Lack with a rebound.
9:19 of 1st period - Wrist shot by Ryan Shannon.
9:19 of 1st period - Shot Misses the Net.
9:41 of 1st period - Snap shot by Ryan Shannon.
9:41 of 1st period - Shot Misses the Net.
9:43 of 1st period - Slapshot by Davis Drewiske.
9:43 of 1st period - Shot Misses the Net.
9:49 of 1st period - Snap shot by Ryan Shannon.
9:49 of 1st period - Shot Misses the Net.
9:51 of 1st period - Slapshot by Davis Drewiske.
9:51 of 1st period - Stopped by Eddie Lack with a rebound.
9:53 of 1st period - Slapshot by Davis Drewiske.
9:53 of 1st period - Shot Misses the Net.
9:59 of 1st period - Wrist shot by Sean Couturier.
9:59 of 1st period - Shot Misses the Net.
10:01 of 1st period - Slapshot by Shawn Belle.
10:01 of 1st period - Stopped by Eddie Lack with a rebound.
10:03 of 1st period - Slapshot by Shawn Belle.
10:03 of 1st period - Deflect By Ryan Shannon.
10:03 of 1st period - Stopped by Eddie Lack without a rebound.
10:04 of 1st period - Tyler Bozak wins face-off versus Tyler Brenner in Diables zone.
10:07 of 1st period - Penalty to Brandon Prust is over, Brandon Prust is back on ice.
10:37 of 1st period - Slapshot by John McCarthy.
10:37 of 1st period - Shot Misses the Net.
10:56 of 1st period - Wrist shot by Brandon Prust.
10:56 of 1st period - Stopped by Sergei Bobrovsky with a rebound.
10:58 of 1st period - Slapshot by Lukas Krajicek.
10:58 of 1st period - Stopped by Sergei Bobrovsky without a rebound.
10:59 of 1st period - Tyler Bozak wins face-off versus Brett Sutter in Atomiques zone.
11:02 of 1st period - Snap shot by Tyler Bozak.
11:02 of 1st period - Shot Misses the Net.
11:12 of 1st period - Backhand shot by Tyler Bozak.
11:12 of 1st period - Stopped by Sergei Bobrovsky with a rebound.
11:14 of 1st period - Snap shot by Steve Quailer.
11:14 of 1st period - Shot Misses the Net.
12:58 of 1st period - Wrist shot by Tyler Bozak.
12:58 of 1st period - Stopped by Sergei Bobrovsky with a rebound.
13:11 of 1st period - Minor Penalty to Eric Mestery for Tripping.
13:12 of 1st period - Branko Radivojevic wins face-off versus Tyler Bozak in Atomiques zone.
13:19 of 1st period - Slapshot by Steve Quailer.
13:19 of 1st period - Shot Misses the Net.
13:21 of 1st period - Slapshot by Dustin Kohn.
13:21 of 1st period - Shot Blocked by Colby Cohen.
13:23 of 1st period - Wrist shot by Alexandre Burrows.
13:23 of 1st period - Stopped by Sergei Bobrovsky without a rebound.
13:24 of 1st period - Tyler Bozak wins face-off versus Branko Radivojevic in Atomiques zone.
15:11 of 1st period - Penalty to Eric Mestery is over, Eric Mestery is back on ice.
15:23 of 1st period - Slapshot by Ryan Shannon.
15:23 of 1st period - Stopped by Eddie Lack without a rebound.
15:24 of 1st period - Riley Sheahan wins face-off versus Marc-André Cliche in Diables zone.
15:45 of 1st period - Riley Sheahan is hit by Alex Berry and loses puck.
16:26 of 1st period - Off-side.
16:27 of 1st period - Sean Couturier wins face-off versus Tyler Bozak in neutral zone.
17:01 of 1st period - Wrist shot by Benn Ferriero.
17:01 of 1st period - Shot Misses the Net.
17:03 of 1st period - Snap shot by Kellan Lain.
17:03 of 1st period - Shot Misses the Net.
17:07 of 1st period - Snap shot by Craig Smith.
17:07 of 1st period - Shot Misses the Net.
18:14 of 1st period - Snap shot by Brandon Prust.
18:14 of 1st period - Shot Blocked by Shawn Belle.
18:21 of 1st period - Off-side.
18:22 of 1st period - Sean Couturier wins face-off versus Tyler Bozak in neutral zone.
19:40 of 1st period - Wrist shot by Ryan Shannon.
19:40 of 1st period - Goal by Ryan Shannon - Diables : 0 - Atomiques : 1.
19:41 of 1st period - Sean Couturier wins face-off versus Tyler Bozak in neutral zone.
19:45 of 1st period - Off-side.
19:46 of 1st period - Steve Quailer wins face-off versus Branko Radivojevic in neutral zone.
19:54 of 1st period - Slapshot by Dustin Kohn.
19:54 of 1st period - Deflect By Tyler Bozak.
19:54 of 1st period - Stopped by Sergei Bobrovsky without a rebound.
19:55 of 1st period - Sean Couturier wins face-off versus Tyler Bozak in Atomiques zone.
Goals for this period are 0 for Diables vs 1 for Atomiques.
Shots for this period are 12 for Diables vs 11 for Atomiques.

2nd period


0:01 of 2nd period - Tyler Bozak wins face-off versus Sean Couturier in neutral zone.
0:58 of 2nd period - Snap shot by Kellan Lain.
0:58 of 2nd period - Shot Misses the Net.
1:19 of 2nd period - Off-side.
1:20 of 2nd period - Craig Smith wins face-off versus Sean Couturier in neutral zone.
1:31 of 2nd period - Snap shot by Benn Ferriero.
1:31 of 2nd period - Deflect By Branko Radivojevic.
1:31 of 2nd period - Shot Blocked by Shawn Belle.
1:31 of 2nd period - Puck is out of play.
1:32 of 2nd period - Tyler Bozak wins face-off versus Sean Couturier in Atomiques zone.
1:41 of 2nd period - Wrist shot by Tyler Bozak.
1:41 of 2nd period - Shot Misses the Net.
1:43 of 2nd period - Wrist shot by Brian Dumoulin.
1:43 of 2nd period - Stopped by Sergei Bobrovsky with a rebound.
1:45 of 2nd period - Slapshot by Brian Dumoulin.
1:45 of 2nd period - Shot Misses the Net.
1:47 of 2nd period - Snap shot by Steve Quailer.
1:47 of 2nd period - Stopped by Sergei Bobrovsky without a rebound.
1:48 of 2nd period - Craig Smith wins face-off versus Andrew Kozek in Atomiques zone.
1:49 of 2nd period - Snap shot by Benn Ferriero.
1:49 of 2nd period - Shot Misses the Net.
2:13 of 2nd period - Wrist shot by Kenndal McArdle.
2:13 of 2nd period - Goal by Kenndal McArdle - Diables : 0 - Atomiques : 2.
2:14 of 2nd period - Sean Couturier wins face-off versus Steve Quailer in neutral zone.
2:27 of 2nd period - Slapshot by Kenndal McArdle.
2:27 of 2nd period - Deflect By Branko Radivojevic.
2:27 of 2nd period - Stopped by Eddie Lack without a rebound.
2:28 of 2nd period - Tyler Brenner wins face-off versus Craig Smith in Diables zone.
2:33 of 2nd period - Wrist shot by Tyler Brenner.
2:33 of 2nd period - Stopped by Eddie Lack without a rebound.
2:34 of 2nd period - Tyler Brenner wins face-off versus Craig Smith in Diables zone.
2:43 of 2nd period - Snap shot by Ryan Shannon.
2:43 of 2nd period - Shot Misses the Net.
2:55 of 2nd period - Shawn Belle is hit by Benn Ferriero and loses puck.
3:04 of 2nd period - Snap shot by Kellan Lain.
3:04 of 2nd period - Shot Misses the Net.
3:14 of 2nd period - Snap shot by Kellan Lain.
3:14 of 2nd period - Stopped by Sergei Bobrovsky with a rebound.
3:16 of 2nd period - Wrist shot by Lukas Krajicek.
3:16 of 2nd period - Deflect By Benn Ferriero.
3:16 of 2nd period - Stopped by Sergei Bobrovsky without a rebound.
3:17 of 2nd period - Sean Couturier wins face-off versus Tyler Bozak in Atomiques zone.
3:26 of 2nd period - Slapshot by Kenndal McArdle.
3:26 of 2nd period - Goal by Kenndal McArdle - Diables : 0 - Atomiques : 3.
3:27 of 2nd period - Sean Couturier wins face-off versus Tyler Bozak in neutral zone.
3:30 of 2nd period - Slapshot by Branko Radivojevic.
3:30 of 2nd period - Shot Misses the Net.
3:48 of 2nd period - Minor Penalty to Davis Drewiske for Hooking.
3:49 of 2nd period - Tyler Bozak wins face-off versus Branko Radivojevic in Atomiques zone.
4:00 of 2nd period - Slapshot by Lukas Krajicek.
4:00 of 2nd period - Stopped by Sergei Bobrovsky without a rebound.
4:01 of 2nd period - Branko Radivojevic wins face-off versus Tyler Bozak in Atomiques zone.
4:17 of 2nd period - Icing by Steve Quailer.
4:18 of 2nd period - Branko Radivojevic wins face-off versus Tyler Bozak in Diables zone.
4:31 of 2nd period - Wrist shot by Alexandre Burrows.
4:31 of 2nd period - Deflect By Steve Quailer.
4:31 of 2nd period - Goal by Steve Quailer - Diables : 1 - Atomiques : 3.
4:32 of 2nd period - Tyler Bozak wins face-off versus Sean Couturier in neutral zone.
4:47 of 2nd period - Wrist shot by Branko Radivojevic.
4:47 of 2nd period - Deflect By Sean Couturier.
4:47 of 2nd period - Stopped by Eddie Lack with a rebound.
4:57 of 2nd period - Alexandre Burrows is hit by Bobby Farnham and loses puck.
5:46 of 2nd period - Snap shot by John McCarthy.
5:46 of 2nd period - Stopped by Eddie Lack with a rebound.
5:48 of 2nd period - Snap shot by Colby Cohen.
5:48 of 2nd period - Stopped by Eddie Lack without a rebound.
5:49 of 2nd period - Craig Smith wins face-off versus Sean Couturier in Diables zone.
6:10 of 2nd period - Colby Cohen is hit by Kellan Lain and loses puck.
6:31 of 2nd period - Tyler Brenner is hit by Riley Sheahan and loses puck.
7:35 of 2nd period - Ben Hanowski is hit by Bobby Farnham and loses puck.
7:54 of 2nd period - Craig Smith is hit by Davis Drewiske.
8:36 of 2nd period - Backhand shot by Alexandre Burrows.
8:36 of 2nd period - Shot Blocked by Dmitri Orlov.
8:38 of 2nd period - Slapshot by Dustin Kohn.
8:38 of 2nd period - Stopped by Sergei Bobrovsky without a rebound.
8:39 of 2nd period - Craig Smith wins face-off versus Sean Couturier in Atomiques zone.
8:40 of 2nd period - Snap shot by Kellan Lain.
8:40 of 2nd period - Shot Blocked by Eric Mestery.
9:04 of 2nd period - Alexandre Burrows is hit by Andrew Kozek and loses puck.
10:08 of 2nd period - Slapshot by Davis Drewiske.
10:08 of 2nd period - Stopped by Eddie Lack with a rebound.
10:16 of 2nd period - Shawn Belle is hit by Jamie Oleksiak and loses puck.
10:37 of 2nd period - Ryan Shannon is hit by Tyler Bozak and loses puck.
10:50 of 2nd period - Wrist shot by Kellan Lain.
10:50 of 2nd period - Stopped by Sergei Bobrovsky without a rebound.
10:51 of 2nd period - Alex Berry wins face-off versus Craig Smith in Atomiques zone.
11:16 of 2nd period - Sean Couturier is hit by Alexandre Burrows and loses puck.
11:40 of 2nd period - Slapshot by Dustin Kohn.
11:40 of 2nd period - Shot Misses the Net.
11:42 of 2nd period - Wrist shot by Riley Sheahan.
11:42 of 2nd period - Stopped by Sergei Bobrovsky without a rebound.
11:43 of 2nd period - Craig Smith wins face-off versus Tyler Brenner in Atomiques zone.
11:57 of 2nd period - Icing by Benn Ferriero.
11:58 of 2nd period - Craig Smith wins face-off versus Sean Couturier in Diables zone.
12:52 of 2nd period - Wrist shot by Brett Sutter.
12:52 of 2nd period - Shot Misses the Net.
12:54 of 2nd period - Slapshot by Shawn Belle.
12:54 of 2nd period - Stopped by Eddie Lack with a rebound.
12:56 of 2nd period - Snap shot by Joseph Cramarossa.
12:56 of 2nd period - Stopped by Eddie Lack with a rebound.
13:16 of 2nd period - Wrist shot by Branko Radivojevic.
13:16 of 2nd period - Stopped by Eddie Lack with a rebound.
14:15 of 2nd period - Pavel Valentenko is hit by Bobby Farnham and loses puck.
14:35 of 2nd period - Snap shot by Kenndal McArdle.
14:35 of 2nd period - Stopped by Eddie Lack with a rebound.
14:37 of 2nd period - Snap shot by Colby Cohen.
14:37 of 2nd period - Stopped by Eddie Lack without a rebound.
14:38 of 2nd period - Sean Couturier wins face-off versus Tyler Bozak in Diables zone.
15:05 of 2nd period - Slapshot by Dustin Kohn.
15:05 of 2nd period - Stopped by Sergei Bobrovsky without a rebound.
15:06 of 2nd period - Riley Sheahan wins face-off versus Tyler Brenner in Atomiques zone.
15:36 of 2nd period - Steve Quailer is hit by Davis Drewiske and loses puck.
16:21 of 2nd period - Snap shot by Craig Smith.
16:21 of 2nd period - Shot Misses the Net.
16:23 of 2nd period - Snap shot by Benn Ferriero.
16:23 of 2nd period - Goal by Benn Ferriero - Diables : 2 - Atomiques : 3.
16:24 of 2nd period - Sean Couturier wins face-off versus Tyler Bozak in neutral zone.
16:49 of 2nd period - Kenndal McArdle is hit by Brandon Prust and loses puck.
17:00 of 2nd period - Slapshot by Kenndal McArdle.
17:00 of 2nd period - Shot Misses the Net.
17:05 of 2nd period - Off-side.
17:06 of 2nd period - Benn Ferriero wins face-off versus Tyler Brenner in neutral zone.
17:09 of 2nd period - Slapshot by Kellan Lain.
17:09 of 2nd period - Stopped by Sergei Bobrovsky without a rebound.
17:10 of 2nd period - Tyler Brenner wins face-off versus Craig Smith in Atomiques zone.
17:10 of 2nd period - Tyler Brenner is hit by Benn Ferriero.
17:36 of 2nd period - Shawn Belle is hit by Brian Dumoulin and loses puck.
17:45 of 2nd period - Slapshot by Davis Drewiske.
17:45 of 2nd period - Stopped by Eddie Lack without a rebound.
17:46 of 2nd period - Kenndal McArdle wins face-off versus Tyler Bozak in Diables zone.
17:54 of 2nd period - Icing by Alexandre Burrows.
17:55 of 2nd period - Sean Couturier wins face-off versus Tyler Bozak in Diables zone.
18:18 of 2nd period - Wrist shot by Tyler Bozak.
18:18 of 2nd period - Shot Misses the Net.
18:20 of 2nd period - Snap shot by Tyler Bozak.
18:20 of 2nd period - Shot Misses the Net.
18:24 of 2nd period - Snap shot by Alexandre Burrows.
18:24 of 2nd period - Shot Misses the Net.
18:26 of 2nd period - Slapshot by Lukas Krajicek.
18:26 of 2nd period - Stopped by Sergei Bobrovsky with a rebound.
18:28 of 2nd period - Slapshot by Lukas Krajicek.
18:28 of 2nd period - Shot Blocked by Sean Couturier.
18:30 of 2nd period - Slapshot by Dustin Kohn.
18:30 of 2nd period - Shot Blocked by Sean Couturier.
18:32 of 2nd period - Slapshot by Dustin Kohn.
18:32 of 2nd period - Shot Misses the Net.
18:56 of 2nd period - Slapshot by Dustin Kohn.
18:56 of 2nd period - Deflect By Alexandre Burrows.
18:56 of 2nd period - Shot Blocked by Dmitri Orlov.
18:56 of 2nd period - Puck is out of play.
18:57 of 2nd period - Craig Smith wins face-off versus Tyler Brenner in Atomiques zone.
18:58 of 2nd period - Wrist shot by Kellan Lain.
18:58 of 2nd period - Shot Blocked by Andrew Kozek.
19:00 of 2nd period - Slapshot by Craig Smith.
19:00 of 2nd period - Shot Misses the Net.
19:02 of 2nd period - Wrist shot by Benn Ferriero.
19:02 of 2nd period - Stopped by Sergei Bobrovsky with a rebound.
19:04 of 2nd period - Wrist shot by Kellan Lain.
19:04 of 2nd period - Shot Hit the Post.
19:06 of 2nd period - Snap shot by Pavel Valentenko.
19:06 of 2nd period - Shot Blocked by Davis Drewiske.
19:08 of 2nd period - Snap shot by Craig Smith.
19:08 of 2nd period - Shot Hit the Post.
19:10 of 2nd period - Slapshot by Brian Dumoulin.
19:10 of 2nd period - Stopped by Sergei Bobrovsky with a rebound.
19:12 of 2nd period - Slapshot by Pavel Valentenko.
19:12 of 2nd period - Stopped by Sergei Bobrovsky with a rebound.
19:18 of 2nd period - Minor Penalty to Ryan Shannon for Interference.
19:19 of 2nd period - Branko Radivojevic wins face-off versus Craig Smith in Atomiques zone.
19:45 of 2nd period - Tyler Bozak is hit by Tyler Brenner.
Goals for this period are 2 for Diables vs 2 for Atomiques.
Shots for this period are 16 for Diables vs 14 for Atomiques.

3rd period


0:01 of 3rd period - Branko Radivojevic wins face-off versus Tyler Bozak in neutral zone.
1:18 of 3rd period - Penalty to Ryan Shannon is over, Ryan Shannon is back on ice.
1:46 of 3rd period - Alex Berry is hit by Kyle Chipchura and loses puck.
1:55 of 3rd period - Snap shot by Dustin Kohn.
1:55 of 3rd period - Deflect By Taylor Beck.
1:55 of 3rd period - Stopped by Sergei Bobrovsky with a rebound.
2:09 of 3rd period - Tyler Brenner is hit by Brian Dumoulin and loses puck.
2:49 of 3rd period - Dustin Kohn is hit by Colby Cohen.
3:11 of 3rd period - Craig Smith is hit by Colby Cohen and loses puck.
4:06 of 3rd period - Snap shot by Branko Radivojevic.
4:06 of 3rd period - Stopped by Eddie Lack with a rebound.
4:12 of 3rd period - Wrist shot by Benn Ferriero.
4:12 of 3rd period - Goal by Benn Ferriero - Diables : 3 - Atomiques : 3.
4:13 of 3rd period - Tyler Brenner wins face-off versus Alexandre Burrows in neutral zone.
4:19 of 3rd period - Slapshot by Ryan Shannon.
4:19 of 3rd period - Deflect By Andrew Kozek.
4:19 of 3rd period - Stopped by Eddie Lack with a rebound.
4:21 of 3rd period - Snap shot by Ryan Shannon.
4:21 of 3rd period - Shot Misses the Net.
4:23 of 3rd period - Snap shot by Tyler Brenner.
4:23 of 3rd period - Stopped by Eddie Lack without a rebound.
4:24 of 3rd period - Tyler Bozak wins face-off versus Tyler Brenner in Diables zone.
5:14 of 3rd period - Sean Couturier is hit by Ben Hanowski and loses puck.
5:21 of 3rd period - Slapshot by Ben Hanowski.
5:21 of 3rd period - Stopped by Sergei Bobrovsky without a rebound.
5:22 of 3rd period - Steve Quailer wins face-off versus Tyler Brenner in Atomiques zone.
5:25 of 3rd period - Wrist shot by Alexandre Burrows.
5:25 of 3rd period - Shot Blocked by Ryan Shannon.
5:59 of 3rd period - Jamie Oleksiak is hit by Kenndal McArdle and loses puck.
6:20 of 3rd period - Snap shot by Riley Sheahan.
6:20 of 3rd period - Shot Hit the Post.
6:30 of 3rd period - Kyle Chipchura is hit by Shawn Belle and loses puck.
7:32 of 3rd period - Sean Couturier is hit by Alexandre Burrows.
8:02 of 3rd period - Slapshot by Branko Radivojevic.
8:02 of 3rd period - Stopped by Eddie Lack without a rebound.
8:03 of 3rd period - Craig Smith wins face-off versus Tyler Brenner in Diables zone.
8:03 of 3rd period - Craig Smith is hit by Roman Polak.
8:35 of 3rd period - Backhand shot by Tomas Kubalik.
8:35 of 3rd period - Stopped by Sergei Bobrovsky with a rebound.
8:38 of 3rd period - Icing by Dmitri Orlov.
8:39 of 3rd period - Marc-André Cliche wins face-off versus Craig Smith in Atomiques zone.
9:46 of 3rd period - Wrist shot by Kellan Lain.
9:46 of 3rd period - Stopped by Sergei Bobrovsky without a rebound.
9:47 of 3rd period - Sean Couturier wins face-off versus Tyler Bozak in Atomiques zone.
9:55 of 3rd period - Off-side.
9:56 of 3rd period - Kenndal McArdle wins face-off versus Tyler Bozak in neutral zone.
10:13 of 3rd period - Wrist shot by Steve Quailer.
10:13 of 3rd period - Stopped by Sergei Bobrovsky with a rebound.
10:15 of 3rd period - Snap shot by Steve Quailer.
10:15 of 3rd period - Shot Misses the Net.
10:19 of 3rd period - Slapshot by Steve Quailer.
10:19 of 3rd period - Stopped by Sergei Bobrovsky without a rebound.
10:20 of 3rd period - Riley Sheahan wins face-off versus Tyler Brenner in Atomiques zone.
10:21 of 3rd period - Backhand shot by Tomas Kubalik.
10:21 of 3rd period - Stopped by Sergei Bobrovsky with a rebound.
10:45 of 3rd period - Dustin Kohn is hit by Joseph Cramarossa and loses puck.
11:11 of 3rd period - Wrist shot by Craig Smith.
11:11 of 3rd period - Shot Misses the Net.
11:15 of 3rd period - Wrist shot by Kellan Lain.
11:15 of 3rd period - Stopped by Sergei Bobrovsky with a rebound.
11:21 of 3rd period - Wrist shot by Craig Smith.
11:21 of 3rd period - Stopped by Sergei Bobrovsky with a rebound.
11:54 of 3rd period - Minor Penalty to Bobby Farnham for High sticking.
11:55 of 3rd period - Tyler Bozak wins face-off versus Branko Radivojevic in Atomiques zone.
11:55 of 3rd period - Slapshot by Dustin Kohn.
11:55 of 3rd period - Shot Misses the Net.
11:57 of 3rd period - Snap shot by Alexandre Burrows.
11:57 of 3rd period - Goal by Alexandre Burrows - Diables : 4 - Atomiques : 3.
11:58 of 3rd period - Sean Couturier wins face-off versus Tyler Bozak in neutral zone.
12:03 of 3rd period - Shawn Belle is hit by Steve Quailer and loses puck.
13:05 of 3rd period - Joseph Cramarossa is hit by Kyle Chipchura and loses puck.
13:14 of 3rd period - Slapshot by Roman Polak.
13:14 of 3rd period - Deflect By Ben Hanowski.
13:14 of 3rd period - Stopped by Eddie Lack without a rebound.
13:15 of 3rd period - Tyler Bozak wins face-off versus Sean Couturier in Diables zone.
13:15 of 3rd period - Tyler Bozak is hit by Kenndal McArdle.
13:45 of 3rd period - Eric Mestery is hit by Riley Sheahan.
14:02 of 3rd period - Wrist shot by Kenndal McArdle.
14:02 of 3rd period - Stopped by Eddie Lack with a rebound.
14:04 of 3rd period - Slapshot by Kenndal McArdle.
14:04 of 3rd period - Stopped by Eddie Lack with a rebound.
14:06 of 3rd period - Wrist shot by Kenndal McArdle.
14:06 of 3rd period - Shot Misses the Net.
14:08 of 3rd period - Snap shot by Branko Radivojevic.
14:08 of 3rd period - Shot Misses the Net.
14:10 of 3rd period - Slapshot by Roman Polak.
14:10 of 3rd period - Shot Misses the Net.
14:12 of 3rd period - Slapshot by Kenndal McArdle.
14:12 of 3rd period - Shot Misses the Net.
14:24 of 3rd period - Slapshot by Branko Radivojevic.
14:24 of 3rd period - Stopped by Eddie Lack without a rebound.
14:25 of 3rd period - Tyler Brenner wins face-off versus Tyler Bozak in Diables zone.
15:16 of 3rd period - Snap shot by Craig Smith.
15:16 of 3rd period - Stopped by Sergei Bobrovsky without a rebound.
15:17 of 3rd period - Tyler Brenner wins face-off versus Tyler Bozak in Atomiques zone.
15:30 of 3rd period - Alexandre Burrows is hit by Colby Cohen and loses puck.
15:47 of 3rd period - Snap shot by Riley Sheahan.
15:47 of 3rd period - Shot Misses the Net.
16:43 of 3rd period - Slapshot by Kyle Chipchura.
16:43 of 3rd period - Shot Blocked by Branko Radivojevic.
16:59 of 3rd period - Wrist shot by Ryan Shannon.
16:59 of 3rd period - Shot Misses the Net.
17:01 of 3rd period - Wrist shot by Ryan Shannon.
17:01 of 3rd period - Atomiques goal is going for a video replay.
17:01 of 3rd period - The goal is refused. The puck has been directed, batted or thrown into the net by an attacking player other than with a stick..
17:02 of 3rd period - Riley Sheahan wins face-off versus John McCarthy in Diables zone.
17:02 of 3rd period - Riley Sheahan is hit by Alex Berry.
17:28 of 3rd period - Steve Quailer is hit by Eric Mestery and loses puck.
18:00 of 3rd period - Backhand shot by Shawn Belle.
18:00 of 3rd period - Stopped by Eddie Lack with a rebound.
19:28 of 3rd period - Slapshot by Dustin Kohn.
19:28 of 3rd period - Deflect By Dmitri Orlov.
19:28 of 3rd period - Stopped by Sergei Bobrovsky with a rebound.
19:30 of 3rd period - Snap shot by Steve Quailer.
19:30 of 3rd period - Stopped by Sergei Bobrovsky without a rebound.
19:31 of 3rd period - Cory Clouston call a timeout for Atomiques.
19:31 of 3rd period - Tyler Brenner wins face-off versus Tyler Bozak in Atomiques zone.
19:36 of 3rd period - Atomiques, Sergei Bobrovsky is pulled from the net.
19:54 of 3rd period - Snap shot by Kenndal McArdle.
19:54 of 3rd period - Stopped by Eddie Lack with a rebound.
19:56 of 3rd period - Snap shot by Kenndal McArdle.
19:56 of 3rd period - Stopped by Eddie Lack with a rebound.
19:58 of 3rd period - Wrist shot by Kenndal McArdle.
19:58 of 3rd period - Stopped by Eddie Lack with a rebound.
Goals for this period are 2 for Diables vs 0 for Atomiques.
Shots for this period are 14 for Diables vs 13 for Atomiques.